 Dungeon Crawl Stone Soup version 0.18-b1-14-g029dad2 (webtiles) character file.

128 LORDOFBUTT the Skirmisher (level 4, -4/41 HPs)
             Began as a Minotaur Fighter on Apr 30, 2016.
             Killed by nerve-wracking pain
             ... invoked by Grinder
              (12 damage)
             ... on level 3 of the Dungeon.
             The game lasted 00:02:16 (1852 turns).

LORDOFBUTT the Skirmisher (Minotaur Fighter)        Turns: 1852, Time: 00:02:17

Health: -4/41      AC:  4    Str: 25    XL:     4   Next: 86%
Magic:  3/3        EV:  8    Int:  5    God:
Gold:   106        SH: 10    Dex: 11    Spells: 0 memorised, 3 levels left

rFire  . . .     SeeInvis .     a - +0 war axe
rCold  . . .     Gourm    +     b - +0 scale mail
rNeg   . . .     Faith    .     c - +0 shield
rPois  .         Spirit   .     (helmet restricted)
rElec  .         Dismiss  .     (no cloak)
rCorr  .         Reflect  .     (no gloves)
SustAt .         Harm     .     (no boots)
MR     .....                    h - amulet of the gourmand
Stlth  ..........               (no ring)
                                k - -3 ring of protection (curse)

@: mighty, not resistant to hostile enchantments, extremely unstealthy
A: retaliatory headbutt, horns 2
a: no special abilities


You were on level 3 of the Dungeon.
You were not hungry.

You visited 1 branch of the dungeon, and saw 3 of its levels.

You collected 106 gold pieces.

Inventory:

Hand Weapons
 a - a +0 war axe (weapon)
Armour
 b - a +0 scale mail (worn)
 c - a +0 shield (worn)
Jewellery
 e - an uncursed ring of flight {unknown}
 h - an amulet of the gourmand (around neck)
 k - a cursed -3 ring of protection (left hand)
 n - an uncursed ring of protection from cold {unknown}
Scrolls
 j - a scroll of immolation
Potions
 d - 2 potions of might
 i - a potion of mutation
 l - a potion of ambrosia {unknown}
 m - a potion of curing
Comestibles
 f - 3 bread rations
 g - a slice of pizza


   Skills:
 + Level 4.6 Fighting
 + Level 2.9 Axes
 + Level 4.5 Armour
 + Level 2.0 Dodging
 + Level 4.4 Shields


You had 3 spell levels left.
You didn't know any spells.

Dungeon Overview and Level Annotations

Branches:
Dungeon (3/15)

Altars:
Fedhas

Annotations:
D:3 Grinder


Innate Abilities, Weirdness & Mutations

You reflexively headbutt those who attack you in melee.
You have a pair of horns on your head.


Message History

Pain shoots through your body! Grinder closely misses you.
Grinder is nearby!
You barely miss Grinder.
Grinder is heavily wounded.
Grinder barely misses you.
Grinder is nearby!
You closely miss Grinder. You headbutt Grinder, but do no damage.
Grinder is heavily wounded.
Grinder gestures at you. You resist with significant effort. Grinder hits you.
You writhe in agony.
* * * LOW HITPOINT WARNING * * *
You are too injured to fight recklessly!
Grinder is nearby!
You are too injured to fight recklessly!
You are too injured to fight recklessly!
Drink which item? (? for menu, Esc to quit)
You feel very mighty all of a sudden. Grinder gestures at you.
Pain shoots through your body!
You die...

#### .(.# ###### #### #
##.# #....... ...## .#
...# #.# #..###...##..#
...# #.# ##...........
.†.# #.# #..#.....######
#..# #.##.##.##.........
#.(###.#.##.⌠.##@^#####
#(<.....####.####5.>....
...###..#.#.#.# ..####.
#### #.#.⌠.###.⌠ #.# #
#..#.#.# #.# .# #
#...#.#.# #.... #
#..###.⌠.# #.#.# .....
#.#.# ...# .##..#. #.#.#
..


You could see Grinder.

Vanquished Creatures
  Robin (D:2)
  2 adders (D:2)
  An ooze (D:1)
  4 dart slugs
  2 giant geckos (D:2)
  7 giant cockroaches
  5 hobgoblins
  14 jackals
  8 kobolds
  2 quokkas (D:2)
  10 bats
  2 giant newts (D:2)
  13 goblins
  7 rats
78 creatures vanquished.

Notes
Turn   | Place    | Note
--------------------------------------------------------------
     0 | D:1      | LORDOFBUTT the Minotaur Fighter began the quest for the Orb.
     0 | D:1      | Reached XP level 1. HP: 19/19 MP: 0/0
   333 | D:1      | Reached XP level 2. HP: 27/27 MP: 1/1
   509 | D:1      | Reached XP level 3. HP: 28/33 MP: 2/2
   849 | D:2      | Noticed Robin
   863 | D:2      | Killed Robin
  1109 | D:2      | Found a blossoming altar of Fedhas.
  1173 | D:2      | Reached XP level 4. HP: 41/41 MP: 3/3
  1266 | D:2      | Reached skill level 1 in Dodging
  1773 | D:3      | Found a faded altar to an unknown god.
  1844 | D:3      | Noticed Grinder
  1852 | D:3      | Killed from afar by Grinder

Skill      XL: |  1  2  3  4 |
---------------+-------------+-----
Fighting       | 4 |  4.6
Armour         | 4 |  4.5
Shields        | 4 |  4.4
Dodging        | 2 |  2.0
Axes           | |  2.9

Action                   |  1- 3 |  4- 6 || total
-------------------------+-------+-------++-------
Melee: War axe           |    81 |    72 ||   153
       Headbutt          |    14 |     7 ||    21
  Use: Scroll            |     3 |     4 ||     7
       Potion            |       |     1 ||     1
  Eat: Chunk             |     2 |       ||     2
       Beef jerky        |       |     2 ||     2
Armor: Scale mail        |    60 |    27 ||    87
Dodge: Dodged            |    29 |    39 ||    68
Block: Shield            |    45 |    37 ||    82
